 Dungeon Crawl Stone Soup version 0.25.0-9-g26727b657a (webtiles) character file.

Game seed: 9140107416960186632

2237 MackDuck the Slasher (level 9, -1/74 HPs)
             Began as a Gnoll Berserker on June 19, 2020.
             Was a Believer of Trog.
             Slain by an orc warrior
             ... wielding a +0 halberd
              (16 damage)
             ... on level 7 of the Dungeon.
             The game lasted 01:03:54 (7625 turns).

MackDuck the Slasher (Gnoll Berserker)              Turns: 7625, Time: 01:03:55

Health: -1/74      AC: 14    Str: 23    XL:     9   Next: 36%
Magic:  15/15      EV: 10    Int: 10    God:    Trog [**....]
Gold:   316        SH:  0    Dex: 14    Spells: 16/16 levels left

rFire    . . .     SeeInvis .   x - -1 hand axe (curse)
rCold    . . .     Gourm    .   (no shield)
rNeg     . . .     Faith    .   n - +0 plate armour
rPois    .         Spirit   .   (no helmet)
rElec    .         Reflect  .   (no cloak)
rCorr    .         Harm     .   (no gloves)
MR       ++...                  v - +0 pair of boots
Stlth    ..........             I - amulet of magic regeneration
HPRegen  1.22/turn              q - ring of wizardry
MPRegen  0.39/turn              (no ring)

@: regenerating
A: distributed training, fangs 1, strong nose
a: Berserk, Trog's Hand, Renounce Religion


You were on level 7 of the Dungeon.
You worshipped Trog.
Trog was pleased with you.
You were hungry.

You visited 2 branches of the dungeon, and saw 8 of its levels.

You collected 316 gold pieces.

Inventory:

Hand Weapons
 a - a +0 falchion
 d - a +0 club
 i - a +1 whip of holy wrath
 s - a +0 long sword
 x - a cursed -1 hand axe (weapon)
 B - a +0 long sword
 D - a +0 dire flail
 E - a +0 rapier
 N - a +0 falchion of electrocution
 O - a +2 short sword of holy wrath
Missiles
 e - 19 poisoned darts (quivered)
 k - 6 atropa-tipped darts
 L - a throwing net
Armour
 n - a +0 plate armour (worn)
 v - a +0 pair of boots (worn)
 w - a +0 chain mail
 F - a +0 robe
Jewellery
 q - a ring of wizardry (left hand)
 C - an uncursed ring of wizardry
 I - an amulet of magic regeneration (around neck)
Wands
 h - a wand of acid (5)
 j - a wand of digging (5)
 u - a wand of random effects (9)
Scrolls
 b - a scroll of enchant weapon {unknown}
 f - 11 scrolls of identify {unknown}
 l - 3 scrolls of amnesia {unknown}
 p - 5 scrolls of teleportation {unknown}
 r - a scroll of random uselessness {unknown}
 t - 2 scrolls of remove curse {unknown}
 y - 4 scrolls of enchant armour {unknown}
 H - a scroll of blinking {unknown}
 P - a scroll of magic mapping {unknown}
Potions
 g - 2 potions of invisibility {unknown}
 m - 5 potions of curing {unknown}
 o - 3 potions of might {unknown}
 z - a potion of berserk rage {unknown}
 A - 2 potions of cancellation {unknown}
 G - a potion of stabbing {unknown}
 J - a potion of heal wounds {unknown}
 M - a potion of magic {unknown}
Comestibles
 c - 4 rations


   Skills:
 + Level 7.8 Fighting
 + Level 4.1 Short Blades
 + Level 7.8 Long Blades
 + Level 4.1 Axes
 + Level 4.1 Maces & Flails
 + Level 4.1 Polearms
 + Level 4.1 Staves
 + Level 4.1 Slings
 + Level 4.1 Bows
 + Level 4.1 Crossbows
 + Level 4.1 Throwing
 + Level 6.2 Armour
 + Level 6.2 Dodging
 + Level 4.1 Stealth
 + Level 4.1 Shields
 + Level 4.1 Unarmed Combat
 + Level 4.1 Spellcasting
 + Level 3.3 Conjurations
 + Level 3.3 Hexes
 + Level 3.3 Charms
 + Level 3.3 Summonings
 + Level 3.3 Necromancy
 + Level 3.3 Translocations
 + Level 3.3 Transmutations
 + Level 3.3 Fire Magic
 + Level 3.3 Ice Magic
 + Level 3.3 Air Magic
 + Level 3.3 Earth Magic
 + Level 3.3 Poison Magic
 + Level 4.5 Invocations
 + Level 4.1 Evocations


You had 16 spell levels left.
You didn't know any spells.
Your spell library was empty.

Dungeon Overview and Level Annotations

Branches:
Dungeon (7/15)             Temple (1/1) D:6

Altars:
Dithmenos
Gozag
Makhleb
Nemelex Xobeh
Okawaru
Qazlal
Sif Muna
Trog
Vehumet
Wu Jian
Xom

Annotations:
D:2 Natasha


Innate Abilities, Weirdness & Mutations

Your experience applies equally to all skills.
You have very sharp teeth.
Your uncanny sense of smell can sniff out nearby items.


Message History

The orc warrior hits you with a +0 halberd!
You hit the orc warrior.
The orc warrior is lightly wounded.
The orc warrior hits you but does no damage.
You barely miss the orc warrior.
The orc warrior is lightly wounded.
The orc warrior closely misses you.
You hit the orc warrior but do no damage.
The orc warrior is lightly wounded.
The orc warrior hits you with a +0 halberd!
* * * LOW HITPOINT WARNING * * *
The orc warrior hits you from afar with a +0 halberd.
* * * LOW HITPOINT WARNING * * *
Your skin crawls.
You feel resistant to hostile enchantments.
You are feeling hungry.
The orc warrior hits you from afar with a +0 halberd!
* * * LOW HITPOINT WARNING * * *
The orc warrior hits you from afar with a +0 halberd!
You die...

##+## #..##.# #.# #...## #..##.#
#.# .....## ###...#.# ##.# #
......## ##.#.#.#.# ##..# ##
.......####....#.#.######...####.
.......'.......................'.
>......####...##.########...####.
......## ##.###.# #.......#
.....## ### #@# #.#.###.# #...##
####.# #.#.# #.# ##+## #..o.#
###.#)# #.# #o#### #....)###.#
#.# ##.#.#.#.#.# #.# #....<......
#o# ##.#.#.#.#.# #.#####o#
#........... #.oo.)..#
##.#.#.#.#.#


You could see an orc warrior.

Vanquished Creatures
  The ghost of Vidiiot the Slicer, a novice KoAK of Lugonu (D:4)
  A hippogriff (D:7)
  2 sky beasts
  3 phantoms (D:6)
  2 ice beasts (D:6)
  3 ogres
  A centaur (D:5)
  A bullfrog (D:6)
  A scorpion (D:6)
  2 howler monkeys (D:6)
  A bullfrog zombie (D:5)
  2 crimson imps
  4 orc priests
  A bullfrog skeleton (D:6)
  2 orc wizards (D:5)
  2 centaur skeletons
  4 worker ants
  A hound skeleton (D:6)
  8 gnolls
  5 adders
  2 oozes
  2 adder skeletons
  An adder zombie (D:6)
  A worm (D:3)
  5 leopard geckos
  12 orcs
  4 bats (D:1)
  3 giant cockroaches
  4 goblins
  5 hobgoblins
  9 jackals
  2 kobolds
  3 quokkas
  2 ball pythons
  4 frilled lizards
  8 rats
114 creatures vanquished.

Notes
Turn   | Place    | Note
-------+----------+-------------------------------------------
     0 | D:1      | MackDuck the Gnoll Berserker began the quest for the Orb.
     0 | D:1      | Reached XP level 1. HP: 23/23 MP: 1/1
    84 | D:1      | Reached XP level 2. HP: 29/29 MP: 2/2
   309 | D:1      | Reached XP level 3. HP: 11/35 MP: 3/3
   838 | D:3      | Reached skill level 1 in Invocations
   962 | D:3      | Reached ** piety under Trog
   962 | D:3      | Reached skill level 1 in Short Blades
   962 | D:3      | Reached skill level 1 in Axes
   962 | D:3      | Reached skill level 1 in Maces & Flails
   962 | D:3      | Reached skill level 1 in Polearms
   962 | D:3      | Reached skill level 1 in Staves
   962 | D:3      | Reached skill level 1 in Slings
   962 | D:3      | Reached skill level 1 in Bows
   962 | D:3      | Reached skill level 1 in Crossbows
   962 | D:3      | Reached skill level 1 in Throwing
   962 | D:3      | Reached skill level 1 in Stealth
   962 | D:3      | Reached skill level 1 in Shields
   962 | D:3      | Reached skill level 1 in Unarmed Combat
   962 | D:3      | Reached skill level 1 in Spellcasting
   962 | D:3      | Reached skill level 1 in Evocations
   962 | D:3      | Reached XP level 4. HP: 38/41 MP: 5/5
  1063 | D:2      | Noticed Natasha
  1086 | D:2      | You fall into a shaft and drop 1 floor!
  2085 | D:4      | Reached skill level 1 in Conjurations
  2085 | D:4      | Reached skill level 1 in Hexes
  2085 | D:4      | Reached skill level 1 in Charms
  2085 | D:4      | Reached skill level 1 in Summonings
  2085 | D:4      | Reached skill level 1 in Necromancy
  2085 | D:4      | Reached skill level 1 in Translocations
  2085 | D:4      | Reached skill level 1 in Transmutations
  2085 | D:4      | Reached skill level 1 in Fire Magic
  2085 | D:4      | Reached skill level 1 in Ice Magic
  2085 | D:4      | Reached skill level 1 in Air Magic
  2085 | D:4      | Reached skill level 1 in Earth Magic
  2085 | D:4      | Reached skill level 1 in Poison Magic
  2123 | D:4      | Found a runed translucent door.
  2137 | D:4      | Noticed Vidiiot's ghost (novice KoAK)
  2169 | D:4      | Reached XP level 5. HP: 42/47 MP: 6/6
  2587 | D:4      | Reached XP level 6. HP: 28/53 MP: 8/8
  2769 | D:4      | Reached skill level 5 in Armour
  2769 | D:4      | Reached skill level 5 in Dodging
  2835 | D:5      | Entered Level 5 of the Dungeon
  3082 | D:5      | Reached XP level 7. HP: 40/59 MP: 10/10
  3662 | D:4      | Found an ornate altar of the Wu Jian Council.
  4191 | D:4      | Killed Vidiiot's ghost
  4737 | D:5      | Found a sparkling altar of Nemelex Xobeh.
  4894 | D:6      | Reached XP level 8. HP: 65/67 MP: 12/12
  6121 | D:6      | Found a staircase to the Ecumenical Temple.
  6183 | Temple   | Entered the Ecumenical Temple
  6344 | D:6      | Reached XP level 9. HP: 68/72 MP: 14/14
  6509 | D:6      | Found a radiant altar of Vehumet.
  6509 | D:6      | Found a shimmering blue altar of Sif Muna.
  6520 | D:6      | Found an opulent altar of Gozag.
  7412 | D:7      | Found an iron altar of Okawaru.
  7625 | D:7      | Slain by an orc warrior

Illustrated notes

Levels and vault maps discovered:
D:1:      zelgadis_glass_arrival_small, layout_rooms
D:2:      layout_basic, tso_metal_star, bh_walls_and_bars, uniq_natasha
D:3:      layout_basic
D:4:      layout_gridville, lemuel_doored_altar, ebering_ghost_sewer_d
D:5:      layout_basic, first_ration, nemelex_diamond_rough_becter
D:6:      layout_basic, minitemple, minmay_temple_entry_ruins, minmay_liquid_box
D:7:      layout_loops_corners, st_stairs_13, kennysheep_okawaru_gauntlet,
          uniq_crazy_yiuf_cottage
Temple:   eino_temple_scatter_basement

Skill      XL: |  1  2  3  4  5  6  7  8  9 |
---------------+----------------------------+-----
Invocations    | 1 2 3 4 |  4.5
Short Blades   | 1 2 3 4 |  4.1
Axes           | 1 2 3 4 |  4.1
Maces & Flails | 1 2 3 4 |  4.1
Polearms       | 1 2 3 4 |  4.1
Staves         | 1 2 3 4 |  4.1
Slings         | 1 2 3 4 |  4.1
Bows           | 1 2 3 4 |  4.1
Crossbows      | 1 2 3 4 |  4.1
Throwing       | 1 2 3 4 |  4.1
Stealth        | 1 2 3 4 |  4.1
Shields        | 1 2 3 4 |  4.1
Unarmed Combat | 1 2 3 4 |  4.1
Spellcasting   | 1 2 3 4 |  4.1
Evocations     | 1 2 3 4 |  4.1
Conjurations   | 1 2 3 |  3.3
Hexes          | 1 2 3 |  3.3
Charms         | 1 2 3 |  3.3
Summonings     | 1 2 3 |  3.3
Necromancy     | 1 2 3 |  3.3
Translocations | 1 2 3 |  3.3
Transmutations | 1 2 3 |  3.3
Fire Magic     | 1 2 3 |  3.3
Ice Magic      | 1 2 3 |  3.3
Air Magic      | 1 2 3 |  3.3
Earth Magic    | 1 2 3 |  3.3
Poison Magic   | 1 2 3 |  3.3
Armour         | 5 6 |  6.2
Dodging        | 5 6 |  6.2
Fighting       | 7 |  7.8
Long Blades    | 7 |  7.8

Action                   |  1- 3 |  4- 6 |  7- 9 || total
-------------------------+-------+-------+-------++-------
Melee: Falchion          |    78 |   134 |    30 ||   242
       Bite              |     4 |    23 |    76 ||   103
       Punch             |       |     2 |     2 ||     4
       Hand axe          |       |       |   462 ||   462
Throw: Dart              |     1 |       |     5 ||     6
Invok: Trog's Hand       |       |       |     2 ||     2
       Berserk           |       |       |     1 ||     1
  Eat: Chunk             |       |     4 |     6 ||    10
       Ration            |       |     1 |     3 ||     4
Armor: Animal skin       |    18 |       |       ||    18
       Ring mail         |     8 |     4 |       ||    12
       Plate armour      |       |    96 |   296 ||   392
Dodge: Dodged            |    68 |    69 |   198 ||   335
       Rpst.: Falchion   |    16 |    13 |     4 ||    33
